 Dungeon Crawl Stone Soup version 0.20.0-7-g3b7b877 (webtiles) character file.

1341 McKennaii the Skirmisher (level 8, -5/65 HPs)
             Began as a Demonspawn Abyssal Knight on May 29, 2017.
             Was a Priest of Lugonu.
             Slain by Menkaure (15 damage)
             ... on level 5 of the Dungeon.
             The game lasted 00:09:43 (4701 turns).

McKennaii the Skirmisher (DsAK)                     Turns: 4701, Time: 00:09:43

Health: -5/65      AC:  6    Str:  9 (12) XL:     8   Next: 35%
Magic:  0/9        EV: 11    Int:  8 (11) God:    Lugonu [***...]
Gold:   231        SH:  5    Dex:  9 (15) Spells: 7/7 levels left

rFire    . . .     SeeInvis .   a - +1 hand axe
rCold    . . .     Gourm    .   o - +2 buckler
rNeg     . . .     Faith    .   b - +0 leather armour
rPois    .         Spirit   +   (helmet restricted)
rElec    .         Reflect  .   v - +0 cloak
rCorr    .         Harm     .   s - +0 pair of gloves
MR       +....                  (no boots)
Stlth    +.........             l - amulet of magic regeneration
Regen    0.2/turn               g - ring of protection from magic
MPRegen  0.2/turn               t - +3 ring of dexterity (curse)

@: no status effects
A: horns 1, iridescent scales 1, clumsy 1, deformed body, deterioration 2, dopey
2, low mp 1, powered by pain 2, magic shield
a: Depart the Abyss, Bend Space, Banish, Renounce Religion


You were on level 5 of the Dungeon.
You worshipped Lugonu.
Lugonu was most pleased with you.
You were not hungry.

You visited 1 branch of the dungeon, and saw 5 of its levels.
You visited the Abyss 1 time.

You collected 231 gold pieces.

Inventory:

Hand Weapons
 a - a +1 hand axe (weapon)
Armour
 b - a +0 leather armour (worn)
 o - a +2 buckler (worn)
 s - a +0 pair of gloves (worn)
 v - a +0 cloak (worn)
Magical Staves
 u - an uncursed staff of earth
Jewellery
 g - a ring of protection from magic (left hand)
 k - an uncursed ring of protection from fire
 l - an amulet of magic regeneration (around neck)
 n - an uncursed ring of protection from fire
 t - a cursed +3 ring of dexterity (right hand)
 A - an uncursed amulet of the gourmand {unknown}
Wands
 y - a wand of lightning (8/15)
 B - a wand of flame (9/48)
Scrolls
 d - 2 scrolls of immolation {unknown}
 e - 10 scrolls of identify {unknown}
 f - 2 scrolls of teleportation {unknown}
 i - a scroll of recharging {unknown}
 j - 3 scrolls of remove curse {unknown}
 r - 2 scrolls of fear {unknown}
 w - a scroll of enchant weapon {unknown}
Potions
 h - 2 potions of flight
 x - a potion of brilliance
 z - a potion of agility
Comestibles
 c - 3 bread rations
 m - a meat ration
 p - a royal jelly
 q - a fruit


   Skills:
 + Level 6.4 Fighting
 + Level 6.0 Axes
 + Level 3.8 Armour
 + Level 2.3 Dodging
 + Level 1.3 Stealth
 + Level 1.5 Shields
 + Level 3.4 Invocations


You had 7 spell levels left.
You didn't know any spells.

Dungeon Overview and Level Annotations

Branches:
Dungeon (5/15)
 Temple: D:4-7

Altars:
Gozag
Nemelex Xobeh
Qazlal
Vehumet
Yredelemnul

Annotations:
D:5 Menkaure


Innate Abilities, Weirdness & Mutations

You are partially covered in iridescent scales. (AC +2)
You sometimes gain power by taking damage.
When hurt, damage is shared between your health and your magic reserves.
You have a pair of small horns on your head.
You are clumsy. (Dex -2)
Armour fits poorly on your strangely shaped body.
Your body often deteriorates upon taking damage.
You are very dopey. (Int -4)
Your magical capacity is low. (-10% MP)


Message History

* * * LOW HITPOINT WARNING * * *
Your body deteriorates!
You feel dopey.
You completely miss Menkaure.
Menkaure is heavily damaged.
Menkaure casts a spell.
Menkaure seems to speed up.
You hit Menkaure.
Menkaure is heavily damaged.
Menkaure hums, "Let me perform the rites..."
Menkaure barely misses you.
You hit Menkaure.
You headbutt Menkaure, but do no damage.
Menkaure is almost destroyed.
Menkaure calls on the powers of darkness!
Your body is wracked with pain!
* * * LOW HITPOINT WARNING * * *
You hit Menkaure.
Menkaure is almost destroyed.
Menkaure hits you!
You die...

# ##..<##.#.[.###.#
#.####.###...........#
#.....## ##..........#
####.### #..........# #.#.##
##.......#.#
.#####....####.#...#.#.#
...........##........#.#
.######...##.####.####.#
##@...# #.# #.# #M#.## #.#
#.# #Z#.######.####.## ###
#.#............... ...
.?#.####...####### #.#
###.####.###### # #.#
#...........# #. #.#
##..####.####.#
###.####.#####.........###.#


You could see Menkaure and a bullfrog zombie.

Vanquished Creatures
  A shining eye (Abyss:1)
  Sigmund (D:2)
  3 ogres
  A phantom (D:5)
  A scorpion (D:5)
  A quasit (D:5)
  An orc wizard (D:5)
  A hound (D:4)
  Crazy Yiuf (D:3)
  An orc priest (D:5)
  An iguana (D:4)
  Natasha (D:2)
  A worker ant (D:4)
  Robin (D:2)
  3 gnolls (D:3)
  3 adders
  An ooze (D:1)
  An adder skeleton (D:4)
  A worm (D:3)
  3 dart slugs
  2 leopard geckos
  7 orcs
  7 giant cockroaches
  13 goblins
  12 hobgoblins
  6 jackals
  10 kobolds
  A quokka (D:4)
  A ball python (D:1)
  9 bats
  8 frilled lizards
  2 rats
  A fungus (D:3)
107 creatures vanquished.

Notes
Turn   | Place    | Note
-------+----------+-------------------------------------------
     0 | Abyss:1  | McKennaii the Demonspawn Abyssal Knight began the quest for the Orb.
     0 | Abyss:1  | Reached XP level 1. HP: 18/18 MP: 2/2
    60 | Abyss:1  | Noticed a shining eye
    60 | Abyss:1  | Gained mutation: Scrolls take you a little longer to read. [a shining eye]
    65 | Abyss:1  | Gained mutation: Your body sometimes deteriorates upon taking damage. [a shining eye]
    71 | Abyss:1  | Gained mutation: Your body often deteriorates upon taking damage. [a shining eye]
    74 | Abyss:1  | Gained mutation: Armour fits poorly on your strangely shaped body. [a shining eye]
    75 | Abyss:1  | Gained mutation: You are clumsy. (Dex -2) [a shining eye]
    78 | Abyss:1  | Gained mutation: You are dopey. (Int -2) [a shining eye]
    79 | Abyss:1  | Gained mutation: You are very dopey. (Int -4) [a shining eye]
    80 | Abyss:1  | Gained mutation: Your magical capacity is low. (-10% MP) [a shining eye]
    83 | Abyss:1  | Lost mutation: Scrolls take you a little longer to read. [a shining eye]
    84 | Abyss:1  | Gained mutation: You have a pair of small horns on your head. [a shining eye]
    86 | Abyss:1  | Killed a shining eye
    86 | Abyss:1  | Reached skill level 5 in Fighting
    86 | Abyss:1  | Gained mutation: When hurt, damage is shared between your health and your magic reserves. [demonic ancestry]
    86 | Abyss:1  | Reached XP level 2. HP: 27/27 MP: 4/4
    86 | Abyss:1  | Reached XP level 3. HP: 33/33 MP: 4/4
    86 | Abyss:1  | Reached XP level 4. HP: 39/39 MP: 5/5
    86 | Abyss:1  | Gained mutation: You are partially covered in iridescent scales. (AC +2) [demonic ancestry]
    86 | Abyss:1  | Reached XP level 5. HP: 45/45 MP: 6/6
    86 | Abyss:1  | Gained mutation: You sometimes gain a little power by taking damage. [demonic ancestry]
    86 | Abyss:1  | Reached XP level 6. HP: 51/51 MP: 7/7
    88 | D:1      | Escaped the Abyss
   288 | D:1      | Reached ** piety under Lugonu
   533 | D:2      | Noticed Robin
   546 | D:2      | Killed Robin
   561 | D:2      | Noticed Sigmund
   809 | D:2      | Found a basalt altar of Yredelemnul.
   874 | D:2      | Killed Sigmund
   874 | D:2      | Reached skill level 1 in Dodging
   874 | D:2      | Reached XP level 7. HP: 34/57 MP: 5/8
  1120 | D:2      | Noticed Natasha
  1135 | D:2      | Killed Natasha
  2000 | D:3      | Reached *** piety under Lugonu
  2074 | D:3      | Found a radiant altar of Vehumet.
  2280 | D:3      | Found a sparkling altar of Nemelex Xobeh.
  2486 | D:3      | Found a runed door.
  2490 | D:3      | Noticed Crazy Yiuf
  2501 | D:3      | Killed Crazy Yiuf
  2575 | D:4      | Reached skill level 5 in Axes
  2575 | D:4      | Reached skill level 1 in Shields
  3150 | D:4      | Reached skill level 1 in Stealth
  3150 | D:4      | Gained mutation: You sometimes gain power by taking damage. [demonic ancestry]
  3150 | D:4      | Reached XP level 8. HP: 43/64 MP: 5/9
  3248 | D:4      | Found an opulent altar of Gozag.
  3249 | D:4      | Found a stormy altar of Qazlal.
  3581 | D:5      | Entered Level 5 of the Dungeon
  3684 | D:5      | HP: 3/64 [phantom (1)]
  4684 | D:5      | Noticed Menkaure
  4701 | D:5      | Slain by Menkaure

Skill      XL: |  1  2  3  4  5  6  7  8 |
---------------+-------------------------+-----
Fighting       | 5 6 |  6.4
Axes           | 3 4 5 6 |  6.0
Armour         | 2 3 |  3.8
Invocations    | 3 |  3.4
Dodging        | 1 2 |  2.3
Shields        | 1 |  1.5
Stealth        | 1 |  1.3

Action                   |  1- 3 |  4- 6 |  7- 9 || total
-------------------------+-------+-------+-------++-------
Melee: Hand axe          |    25 |   117 |   352 ||   494
       Headbutt          |     1 |    12 |    60 ||    73
  Use: Potion            |       |     1 |     5 ||     6
 Stab: Sleeping          |       |       |     2 ||     2
  Eat: Chunk             |       |       |    12 ||    12
       Fruit             |       |       |     1 ||     1
Armor: Leather armour    |       |    25 |    87 ||   112
Dodge: Dodged            |       |    96 |   166 ||   262
Block: Buckler           |       |       |    60 ||    60
